 Dungeon Crawl Stone Soup version 0.21.1-1-g345015f (webtiles) character file.

991 tidbits the Sneak (level 8, -12/58 HPs)
             Began as a Gnoll Enchanter on June 12, 2018.
             Was a Follower of Cheibriados.
             Killed from afar by an orc warrior (15 damage)
             ... with a wand of acid (7)
             ... on level 7 of the Dungeon.
             The game lasted 00:12:10 (1160 turns).

tidbits the Sneak (Gnoll Enchanter)                 Turns: 1160, Time: 00:12:11

Health: -12/58     AC:  6    Str: 14    XL:     8   Next: 18%
Magic:  10/16      EV: 16    Int: 26    God:    Cheibriados [*.....]
Gold:   84         SH:  6    Dex: 21    Spells: 9/18 levels left

rFire    . . .     SeeInvis .   b - +2 falchion (slice)
rCold    . . .     Gourm    .   D - +0 buckler
rNeg     . . .     Faith    .   B - +2 leather armour {MR+}
rPois    .         Spirit   .   (no helmet)
rElec    .         Reflect  .   (no cloak)
rCorr    .         Harm     .   G - +0 pair of gloves
MR       +....                  (no boots)
Stlth    +++.......             (no amulet)
HPRegen  0.19/turn              g - +4 ring of intelligence
MPRegen  0.15/turn              w - ring of loudness (curse)

@: very slow
A: distributed training, claws 1, fangs 1, thin skeletal structure 1, strong
nose
a: Bend Time, Renounce Religion


You were on level 7 of the Dungeon.
You worshipped Cheibriados.
Cheibriados was aware of your devotion.
You were not hungry.

You visited 2 branches of the dungeon, and saw 8 of its levels.

You collected 183 gold pieces.
You spent 99 gold pieces at shops.

Inventory:

Hand Weapons
 a - a +1 dagger
 b - a +2 falchion of slicing (weapon)
   (You took it off an orc on level 5 of the Dungeon)
 e - a +0 shortbow
 i - a +0 club
 j - a +0 hunting sling
 n - a +0 long sword
 z - a +0 war axe
Missiles
 k - 51 stones
 l - 25 arrows
 m - 3 tomahawks of returning (quivered)
 r - 9 tomahawks
Armour
 q - a +0 robe
 A - a +4 ring mail
 B - a +2 leather armour of magic resistance (worn)
   (You took it off an orc on level 5 of the Dungeon)
 D - a +0 buckler (worn)
 G - a +0 pair of gloves (worn)
Jewellery
 g - a +4 ring of intelligence (left hand)
   (You found it on level 1 of the Dungeon)
 w - a cursed ring of loudness (right hand)
   (You found it on level 5 of the Dungeon)
Wands
 v - a wand of polymorph (17)
Scrolls
 f - 2 scrolls of magic mapping
 h - a scroll of fear
 o - 2 scrolls of teleportation
 p - a scroll of fog
 x - a scroll of remove curse {unknown}
 y - a scroll of random uselessness {unknown}
Potions
 s - 2 potions of flight
 t - a potion of cancellation {unknown}
 u - a potion of mutation {!q}
Books
 d - a book of Maledictions

   Spells                             Type                      Level
   a - Corona                         Hexes                        1
   b - Ensorcelled Hibernation        Hexes/Ice                    2
   c - Confuse                        Hexes                        3
   d - Tukima's Dance                 Hexes                        3
   e - Dazzling Spray                 Conjuration/Hexes            3
Comestibles
 c - 2 rations


   Skills:
 + Level 3.0 Fighting
 + Level 4.0 Short Blades
 + Level 3.0 Long Blades
 + Level 3.0 Axes
 + Level 3.0 Maces & Flails
 + Level 3.0 Polearms
 + Level 3.0 Staves
 + Level 3.0 Slings
 + Level 3.0 Bows
 + Level 3.0 Crossbows
 + Level 3.0 Throwing
 + Level 3.0 Armour
 + Level 5.5 Dodging
 + Level 6.7 Stealth
 + Level 3.0 Shields
 + Level 3.0 Unarmed Combat
 + Level 5.9 Spellcasting
 + Level 2.4 Conjurations
 + Level 6.0 Hexes
 + Level 2.4 Charms
 + Level 2.4 Summonings
 + Level 2.4 Necromancy
 + Level 2.4 Translocations
 + Level 2.4 Transmutations
 + Level 2.4 Fire Magic
 + Level 2.4 Ice Magic
 + Level 2.4 Air Magic
 + Level 2.4 Earth Magic
 + Level 2.4 Poison Magic
 + Level 3.3 Invocations
 + Level 3.0 Evocations


You had 9 spell levels left.
You knew the following spells:

 Your Spells              Type           Power        Failure   Level  Hunger
a - Corona                Hex            #####..      1%          1    None
c - Confuse               Hex            #####...     2%          3    None
d - Dazzling Spray        Conj/Hex       ####..       5%          3    None
e - Ensorcelled Hibernat  Hex/Ice        ####..       2%          2    None


Dungeon Overview and Level Annotations

Branches:
Dungeon (7/15)             Temple (1/1) D:4

Altars:
Cheibriados
Dithmenos
Makhleb
Okawaru
Trog
Vehumet
Wu Jian
Xom
Yredelemnul
The Shining One

Shops:
D:5 [

Annotations:
D:3 Grinder


Innate Abilities, Weirdness & Mutations

Your experience applies equally to all skills.
You have very sharp teeth.
Your uncanny sense of smell can sniff out nearby items.
You have sharp fingernails.
You have a somewhat thin skeletal structure. (Dex +2, Stealth)


Message History

A crimson imp comes into view.
Found a whip.
There is an open door here.
Found a scroll labeled GIAMICV HILECK.
The helpless crimson imp fails to defend itself.
You spit the crimson imp like a pig!!!
You kill the crimson imp!
Cheibriados appreciates the change of pace.
Your Fighting skill increases to level 3!
Your Long Blades skill increases to level 3!
Your Axes skill increases to level 3!
Your Maces & Flails skill increases to level 3!
Your Polearms skill increases to level 3!
Your Staves skill increases to level 3!
Your Slings skill increases to level 3!
Your Bows skill increases to level 3!
Your Crossbows skill increases to level 3!
Your Throwing skill increases to level 3!
Your Armour skill increases to level 3!
Your Shields skill increases to level 3!
Your Unarmed Combat skill increases to level 3!
Your Evocations skill increases to level 3!
You see here a scroll labeled GIAMICV HILECK.
y - a scroll labeled GIAMICV HILECK
There is an open door here.
There is an open door here.
An orc comes into view. It is wielding a war axe.
The orc shouts!
Casting: Ensorcelled Hibernation
Confirm with . or Enter, or press ? or * to list all spells.
Aiming: Ensorcelled Hibernation
Press: ? - help, Shift-Dir - straight line, f - orc
Aim: an orc, wielding a war axe (chance to defeat MR: 74%)
The orc struggles to resist.
The orc hits you with a war axe.
You hit the orc.
The orc is lightly wounded.
You block the orc's attack.
You hit the orc.
The orc is heavily wounded.
You block the orc's attack.
Casting: Ensorcelled Hibernation
Confirm with . or Enter, or press ? or * to list all spells.
Aiming: Ensorcelled Hibernation
Press: ? - help, Shift-Dir - straight line, f/p - orc
Aim: an orc, wielding a war axe (heavily wounded, chance to defeat MR: 74%)
The orc struggles to resist.
An orc comes into view. It is wielding a club.
The orc shouts!
You hit the orc.
You kill the orc!
Cheibriados appreciates the change of pace.
You hear a shout! x2
An orc comes into view.
You hear a shout!
The orc moves out of view.
Things that are here:
a war axe; an orc corpse
z - a war axe You block the orc's attack.
Casting: Ensorcelled Hibernation
Confirm with . or Enter, or press ? or * to list all spells.
Aiming: Ensorcelled Hibernation
Press: ? - help, Shift-Dir - straight line, f - orc
Aim: an orc, wielding a club and wearing a shiny ring mail (chance to defeat MR: 74%)
The orc struggles to resist.
The orc hits you with a club.
You barely miss the orc. You barely miss the orc.
You bite the orc, but do no damage. You block the orc's attack.
Wield which item (- for none, * to show all)? (? for menu, Esc to quit)
e - a +2 falchion of slicing (weapon)
Adjust (i)tems, (s)pells, or (a)bilities?
Adjust which item? (? for menu, Esc to quit)
e - a +2 falchion of slicing (weapon)
Adjust to which letter? (? for menu, Esc to quit)
b - a +2 falchion of slicing (weapon);
e - an uncursed shortbow You hit the orc but do no damage.
The orc closely misses you. You block the orc's attack.
You slash the orc!
You kill the orc!
Cheibriados appreciates the change of pace.
Things that are here:
a club; a shiny ring mail; an orc corpse
A - a shiny ring mail
Found a stone staircase leading up.
An orc warrior comes into view. It is wielding a short sword.
An orc comes into view.
The orc warrior zaps a wand.
The bolt of acid hits you!
* * * LOW HITPOINT WARNING * * *
You are splashed with acid!
The acid burns!
* * * LOW HITPOINT WARNING * * *
It is a wand of acid (7).
An orc wizard comes into view. It is wielding a dagger.
Casting: Ensorcelled Hibernation
Confirm with . or Enter, or press ? or * to list all spells.
Aiming: Confuse
Press: ? - help, Shift-Dir - straight line, f - orc warrior
Aim: an orc warrior, wielding a short sword, wearing a plate armour and carrying a wand of acid (7) (chance to defeat MR: 67%)
The orc warrior struggles to resist.
The orc shouts!
You hear a shout!
The orc warrior zaps a wand.
The bolt of acid hits you!
You die...

#....##...##.......#
#....<#...##......##
#.....#...######'###
#######............#
##...........##
#....)†......#
#....#########
#....##...o.. ∆
#....@.......
#.......o....
##.....<.....
#.......o... ∆
.............
..............
.............o.
..##...########


You could see an orc warrior, an orc wizard and 2 orcs.

Vanquished Creatures
  A sky beast (D:6)
  2 ogres
  A phantom (D:4)
  A centaur (D:5)
  A bullfrog (D:6)
  A crimson imp (D:7)
  2 hounds
  An orc priest (D:4)
  A bullfrog skeleton (D:4)
  A jelly (D:6)
  3 iguanas
  3 orc wizards (D:5)
  2 worker ants (D:4)
  5 adders
  An ooze (D:1)
  A dart slug (D:1)
  A leopard gecko (D:4)
  18 orcs
  2 giant cockroaches
  4 goblins
  5 hobgoblins (D:1)
  A kobold (D:2)
  2 quokkas
  A bat (D:3)
  A frilled lizard (D:3)
  2 rats (D:1)
64 creatures vanquished.

Vanquished Creatures (others)
  A centaur (D:5)
1 creature vanquished.

Grand Total: 65 creatures vanquished

Notes
Turn   | Place    | Note
-------+----------+-------------------------------------------
     0 | D:1      | tidbits the Gnoll Enchanter began the quest for the Orb.
     0 | D:1      | Reached XP level 1. HP: 13/13 MP: 6/6
    69 | D:1      | Reached XP level 2. HP: 14/19 MP: 7/7
    73 | D:1      | Learned a level 2 spell: Ensorcelled Hibernation
   167 | D:2      | Reached skill level 6 in Stealth
   167 | D:2      | Reached skill level 5 in Spellcasting
   167 | D:2      | Reached skill level 1 in Invocations
   167 | D:2      | Reached XP level 3. HP: 17/25 MP: 2/9
   181 | D:2      | Gained mutation: You have sharp fingernails. [potion of mutation]
   181 | D:2      | Gained mutation: You have a somewhat thin skeletal structure. (Dex +2, Stealth) [potion of mutation]
   204 | D:1      | Reached skill level 1 in Fighting
   204 | D:1      | Reached skill level 1 in Long Blades
   204 | D:1      | Reached skill level 1 in Axes
   204 | D:1      | Reached skill level 1 in Maces & Flails
   204 | D:1      | Reached skill level 1 in Polearms
   204 | D:1      | Reached skill level 1 in Staves
   204 | D:1      | Reached skill level 1 in Slings
   204 | D:1      | Reached skill level 1 in Bows
   204 | D:1      | Reached skill level 1 in Crossbows
   204 | D:1      | Reached skill level 1 in Throwing
   204 | D:1      | Reached skill level 1 in Armour
   204 | D:1      | Reached skill level 1 in Shields
   204 | D:1      | Reached skill level 1 in Unarmed Combat
   204 | D:1      | Reached skill level 1 in Evocations
   204 | D:1      | Reached XP level 4. HP: 12/32 MP: 2/11
   345 | D:4      | Reached skill level 1 in Conjurations
   345 | D:4      | Reached skill level 1 in Charms
   345 | D:4      | Reached skill level 1 in Summonings
   345 | D:4      | Reached skill level 1 in Necromancy
   345 | D:4      | Reached skill level 1 in Translocations
   345 | D:4      | Reached skill level 1 in Transmutations
   345 | D:4      | Reached skill level 1 in Fire Magic
   345 | D:4      | Reached skill level 1 in Ice Magic
   345 | D:4      | Reached skill level 1 in Air Magic
   345 | D:4      | Reached skill level 1 in Earth Magic
   345 | D:4      | Reached skill level 1 in Poison Magic
   354 | D:4      | Reached XP level 5. HP: 16/37 MP: 3/12
   366 | D:4      | Found a staircase to the Ecumenical Temple.
   380 | D:4      | Reached skill level 3 in Short Blades
   403 | Temple   | Entered the Ecumenical Temple
   412 | Temple   | Became a worshipper of Cheibriados the Contemplative
   460 | D:4      | Noticed a phantom
   507 | D:4      | Learned a level 3 spell: Confuse
   516 | D:4      | Killed a phantom
   516 | D:4      | Reached skill level 2 in Invocations
   516 | D:4      | Reached XP level 6. HP: 9/44 MP: 11/14
   527 | D:4      | Reached skill level 2 in Fighting
   527 | D:4      | Reached skill level 2 in Long Blades
   527 | D:4      | Reached skill level 2 in Axes
   527 | D:4      | Reached skill level 2 in Maces & Flails
   527 | D:4      | Reached skill level 2 in Polearms
   527 | D:4      | Reached skill level 2 in Staves
   527 | D:4      | Reached skill level 2 in Slings
   527 | D:4      | Reached skill level 2 in Bows
   527 | D:4      | Reached skill level 2 in Crossbows
   527 | D:4      | Reached skill level 2 in Throwing
   527 | D:4      | Reached skill level 2 in Armour
   527 | D:4      | Reached skill level 5 in Dodging
   527 | D:4      | Reached skill level 2 in Shields
   527 | D:4      | Reached skill level 2 in Unarmed Combat
   527 | D:4      | Reached skill level 2 in Evocations
   557 | D:4      | HP: 3/44 [orc/flail (5)]
   604 | D:3      | Learned a level 3 spell: Dazzling Spray
   637 | D:2      | HP: 4/44 [giant cockroach (1)]
   662 | D:3      | Found an iron altar of Okawaru.
   662 | D:3      | Noticed Grinder
   763 | D:4      | Found a bloodstained altar of Trog.
   767 | D:4      | Reached XP level 7. HP: 31/50 MP: 15/15
   769 | D:4      | Found a glowing golden altar of the Shining One.
   772 | D:4      | Found a basalt altar of Yredelemnul.
   834 | D:5      | Entered Level 5 of the Dungeon
   910 | D:5      | Reached * piety under Cheibriados
   919 | D:5      | Reached skill level 2 in Conjurations
   919 | D:5      | Reached skill level 2 in Charms
   919 | D:5      | Reached skill level 2 in Summonings
   919 | D:5      | Reached skill level 2 in Necromancy
   919 | D:5      | Reached skill level 2 in Translocations
   919 | D:5      | Reached skill level 2 in Transmutations
   919 | D:5      | Reached skill level 2 in Fire Magic
   919 | D:5      | Reached skill level 2 in Ice Magic
   919 | D:5      | Reached skill level 2 in Air Magic
   919 | D:5      | Reached skill level 2 in Earth Magic
   919 | D:5      | Reached skill level 2 in Poison Magic
   948 | D:5      | Found Teifa's Antique Armour Emporium.
   951 | D:5      | Bought a buckler for 99 gold pieces
  1045 | D:6      | Reached skill level 3 in Invocations
  1050 | D:6      | Reached XP level 8. HP: 15/57 MP: 2/16
  1064 | D:6      | Reached skill level 4 in Short Blades
  1064 | D:6      | Reached skill level 6 in Hexes
  1119 | D:7      | Reached skill level 3 in Fighting
  1119 | D:7      | Reached skill level 3 in Long Blades
  1119 | D:7      | Reached skill level 3 in Axes
  1119 | D:7      | Reached skill level 3 in Maces & Flails
  1119 | D:7      | Reached skill level 3 in Polearms
  1119 | D:7      | Reached skill level 3 in Staves
  1119 | D:7      | Reached skill level 3 in Slings
  1119 | D:7      | Reached skill level 3 in Bows
  1119 | D:7      | Reached skill level 3 in Crossbows
  1119 | D:7      | Reached skill level 3 in Throwing
  1119 | D:7      | Reached skill level 3 in Armour
  1119 | D:7      | Reached skill level 3 in Shields
  1119 | D:7      | Reached skill level 3 in Unarmed Combat
  1119 | D:7      | Reached skill level 3 in Evocations
  1159 | D:7      | HP: 2/58 [acid (14)]
  1160 | D:7      | Killed from afar by an orc warrior

Skill      XL: |  1  2  3  4  5  6  7  8 |
---------------+-------------------------+-----
Stealth        | 6 |  6.7
Spellcasting   | 5 |  5.9
Invocations    | 1 2 3 |  3.3
Fighting       | 1 2 3 |  3.0
Long Blades    | 1 2 3 |  3.0
Axes           | 1 2 3 |  3.0
Maces & Flails | 1 2 3 |  3.0
Polearms       | 1 2 3 |  3.0
Staves         | 1 2 3 |  3.0
Slings         | 1 2 3 |  3.0
Bows           | 1 2 3 |  3.0
Crossbows      | 1 2 3 |  3.0
Throwing       | 1 2 3 |  3.0
Armour         | 1 2 3 |  3.0
Shields        | 1 2 3 |  3.0
Unarmed Combat | 1 2 3 |  3.0
Evocations     | 1 2 3 |  3.0
Conjurations   | 1 2 |  2.4
Charms         | 1 2 |  2.4
Summonings     | 1 2 |  2.4
Necromancy     | 1 2 |  2.4
Translocations | 1 2 |  2.4
Transmutations | 1 2 |  2.4
Fire Magic     | 1 2 |  2.4
Ice Magic      | 1 2 |  2.4
Air Magic      | 1 2 |  2.4
Earth Magic    | 1 2 |  2.4
Poison Magic   | 1 2 |  2.4
Short Blades   | 3 4 |  4.0
Dodging        | 5 |  5.5
Hexes          | 6 |  6.0

Action                   |  1- 3 |  4- 6 |  7- 9 || total
-------------------------+-------+-------+-------++-------
Melee: Dagger            |    24 |    34 |    32 ||    90
       Bite              |     1 |     5 |     5 ||    11
       Unarmed           |       |    37 |       ||    37
       Punch             |       |     2 |       ||     2
       Long sword        |       |     7 |       ||     7
       Falchion          |       |       |     6 ||     6
 Cast: Corona            |     3 |     6 |     1 ||    10
       Ensorcelled Hiber |     8 |    22 |    22 ||    52
       Confuse           |       |     1 |     1 ||     2
       Dazzling Spray    |       |       |     1 ||     1
  Use: Potion            |     1 |     4 |       ||     5
       Scroll            |       |       |     6 ||     6
 Stab: Sleeping          |     9 |    20 |    16 ||    45
       Confused          |       |     1 |       ||     1
       Invisible         |       |       |     1 ||     1
  Eat: Chunk             |       |       |     1 ||     1
Armor: Robe              |     2 |     6 |     3 ||    11
       Skin              |       |    30 |       ||    30
Dodge: Dodged            |    13 |    47 |    26 ||    86
Block: Buckler           |       |       |     7 ||     7
       Rpst.: Long sword |       |     2 |       ||     2

Table legend:
 A = Turns spent in this place as a percentage of turns spent in the entire game.
 B = Non-inter-level travel turns spent in this place as a percentage of non-inter-level travel turns spent in the entire game.
 C = Inter-level travel turns spent in this place as a percentage of turns spent in this place.
 D = Turns resting spent in this place as a percentage of non-inter-level travel turns spent in this place.
 E = Turns spent auto-exploring this place as a percentage of non-inter-level travel turns spent in this place.
 F = Non-inter-level travel turns spent in this place divided by the number of levels of this place that you've seen.
                   A       B       C       D       E      F
               +-------+-------+-------+-------+-------+----------------------
         Total | 100.0 | 100.0 |   0.9 |   0.0 |   0.0 | 143.8
       Dungeon |  98.4 |  98.3 |   0.9 |   0.0 |   0.0 | 161.6
        Temple |   1.6 |   1.7 |   0.0 |   0.0 |   0.0 |  19.0
               +-------+-------+-------+-------+-------+----------------------

Table legend:
 A = Kills in this place as a percentage of kills in entire the game.
 B = Kills by you in this place as a percentage of kills by you in the entire game.
 C = Kills by friends in this place as a percentage of kills by friends in the entire game.
 D = Other kills in this place as a percentage of other kills in the entire game.
 E = Experience gained in this place as a percentage of experience gained in the entire game.
 F = Experience gained in this place divided by the number of levels of this place that you have seen.
                   A       B       C       D       E      F
               +-------+-------+-------+-------+-------+----------------------
         Total | 100.0 | 100.0 |   N/A |   N/A | 100.0 | 177.0
       Dungeon | 100.0 | 100.0 |   N/A |   N/A | 100.0 | 202.3
               +-------+-------+-------+-------+-------+----------------------

Vault maps used:
D:1:      shiori_arrival_oz, serial_glass, glass_columns_c, glass_columns_b,
          glass_columns_a, glass_columns_c, glass_columns_b, glass_columns_b,
          glass_columns_c, glass_columns_a
D:2:      uniq_natasha
D:3:      okawaru_ov_weapons_minmay, grunt_temple_overflow_cloverleaf,
          uniq_grinder
D:4:      corexii_shack_village, minmay_overflow_temple_star_quad,
          lemuel_crystal_altar, minmay_temple_entry_junction_2
D:5:      lemuel_ice_spiral_2, serial_shops, nicolae_shop_behind_doors,
          first_ration
D:6:      gup_sewer_entry_bubbles, serial_park_tiny_2
D:7:      serial_shops, nicolae_shop_behind_doors
Temple:   dshaligram_water_room_temple
